[Event "Team 45 45 League T25"]
[Site "Internet Chess Club"]
[Date "2005.01.23"]
[Round "6"]
[White "Anechka"]
[Black "AMAV"]
[Result "1-0"]
[WhiteElo "2195"]
[BlackElo "2047"]
[TimeControl "2700+45"]

1. d4 Nf6 2. Bg5 e6 3. e4 h6 4. Bxf6 Qxf6 5. c3 d6 6. Nd2 e5 7. Ngf3 g6 8. Bd3
Bg7 9. O-O O-O 10. h3 exd4 11. Nxd4 Nd7 12. f4 Nc5 13. Bc2 Bd7 14. Qf3 Ne6 15.
N2b3 Nxd4 16. cxd4 Ba4 17. Rad1 Bxb3 18. Bxb3 c6 19. Kh1 Rae8 20. e5 dxe5 21.
dxe5 Qe7 22. Qg4 Rd8 23. Qxg6 Rxd1 24. Rxd1 Qb4 25. Bxf7+ Rxf7 26. Rd8+ Rf8 27.
Rd7 {Black resigns} 1-0

[Event "Team 45 45 League T25"]
[Site "Internet Chess Club"]
[Date "2005.01.24"]
[Round "6"]
[White "bobhill"]
[Black "Catalog"]
[Result "0-1"]
[WhiteElo "1958"]
[BlackElo "2137"]
[TimeControl "2700+45"]

1. d4 Nf6 2. Nf3 g6 3. Bg5 Bg7 4. Nbd2 O-O 5. e4 d5 6. Bxf6 Bxf6 7. e5 Bg7 8.
Be2 c5 9. c3 cxd4 10. cxd4 Nc6 11. O-O Qb6 12. Nb3 f6 13. h3 Bf5 14. a4 a5 15.
Bb5 Nb4 16. Nc5 fxe5 17. Bd7 exd4 18. Bxf5 Rxf5 19. Nxd4 Qxc5 20. Nxf5 gxf5 21.
Rc1 Qd6 22. Qe2 Rf8 23. Rfd1 e5 24. Rc3 e4 25. Rg3 Kh8 26. Rc1 Bd4 27. Kh1 Nd3
28. Rxd3 exd3 29. Qxd3 Bxb2 30. Rb1 Qe5 31. Qc2 Bc3 32. Rxb7 Qe1+ 33. Kh2 Bd4
34. Kg3 Bxf2+ 35. Qxf2 Rg8+ 36. Kh4 Qxf2+ 37. Kh5 Qxg2 38. h4 Qg6# {White
checkmated} 0-1

[Event "Team 45 45 League T25"]
[Site "Internet Chess Club"]
[Date "2005.01.24"]
[Round "6"]
[White "DTK"]
[Black "Beetlejuice"]
[Result "1/2-1/2"]
[WhiteElo "1954"]
[BlackElo "1902"]
[TimeControl "2700+45"]

1. e4 e5 2. Nf3 Nf6 3. Nxe5 d6 4. Nf3 Nxe4 5. d4 d5 6. Bd3 Nc6 7. O-O Be7 8. c4
Nb4 9. Be2 O-O 10. Nc3 Bf5 11. a3 Nxc3 12. bxc3 Nc6 13. Re1 Bf6 14. Bf4 dxc4 15.
Bxc4 Ne7 16. Qb3 b6 17. Rad1 Ng6 18. Bg3 Be7 19. Ne5 Nxe5 20. dxe5 Qc8 21. e6
Rd8 22. exf7+ Kf8 23. Rxd8+ Qxd8 24. Bh4 Bxh4 25. Re8+ Qxe8 26. fxe8=Q+ Rxe8 27.
Qd1 Bf6 28. g4 Be4 29. f3 Bc6 30. Bd5 Rd8 31. c4 Bxd5 32. cxd5 Be7 33. Qc2 Bc5+
34. Kg2 Rxd5 35. f4 h6 36. h4 Bd6 37. Kf3 Rd4 38. Qf5+ Kg8 39. Qe6+ Kf8 40. Qf5+
Kg8 41. Qe6+ Kf8 42. Qf5+ {Game drawn by repetition} 1/2-1/2

[Event "Team 45 45 League T25"]
[Site "Internet Chess Club"]
[Date "2005.01.24"]
[Round "6"]
[White "Xaturanga"]
[Black "Rainbird"]
[Result "1-0"]
[WhiteElo "1780"]
[BlackElo "1657"]
[TimeControl "2700+45"]

1. e4 e5 2. Nf3 Nc6 3. Bc4 Bc5 4. b4 Bxb4 5. c3 Ba5 6. O-O d6 7. d4 exd4 8. cxd4
Nge7 9. Ng5 d5 10. exd5 Nxd5 11. Qf3 Be6 12. Nxe6 fxe6 13. Qh5+ g6 14. Qg4 Qd7
15. Bb2 O-O-O 16. Nc3 Bxc3 17. Bxc3 e5 18. Qxd7+ Rxd7 19. Bxd5 Rxd5 20. dxe5 Re8
21. f4 Rd3 22. Rac1 g5 23. g3 gxf4 24. gxf4 Nd4 25. Bxd4 Rxd4 26. Kg2 Kd7 27.
Kf3 b6 28. Rg1 Re7 29. Rgd1 Rxd1 30. Rxd1+ Ke6 31. Ke4 Rf7 32. Rc1 c5 33. Rd1
Rd7 34. f5+ Ke7 35. f6+ Ke6 36. Rxd7 Kxd7 37. Kd5 a6 38. e6+ Ke8 39. Kd6 {Black
resigns} 1-0

[Event "Team 45 45 League T25"]
[Site "Internet Chess Club"]
[Date "2005.01.23"]
[Round "6"]
[White "Vombat"]
[Black "sloper-c"]
[Result "1/2-1/2"]
[WhiteElo "2162"]
[BlackElo "2025"]
[TimeControl "2700+45"]

1. g4 d6 2. Bg2 g6 3. g5 Bg7 4. d4 Nc6 5. c3 Bg4 6. h3 Bh5 7. Qa4 d5 8. c4 e6 9.
cxd5 exd5 10. Nc3 Ne7 11. e3 O-O 12. Bd2 Re8 13. Rc1 Nxd4 14. exd4 Nf5+ 15. Kf1
c6 16. Nce2 Nh4 17. Rh2 Qc7 18. Bf4 Qb6 19. Qb3 Qa6 20. Re1 Bxd4 21. Qb4 c5 22.
Qb3 Nxg2 23. Rxg2 Re4 24. Be3 Rae8 25. Qxd5 R4e5 26. Qb3 Bxe3 27. fxe3 Rxe3 28.
Qd5 R3e5 29. Qd7 R5e7 30. Qd5 Re5 31. Qd7 R5e7 32. Qd5 Re5 {Game drawn by
repetition} 1/2-1/2

[Event "Team 45 45 League T25"]
[Site "Internet Chess Club"]
[Date "2005.01.29"]
[Round "6"]
[White "A-Ru"]
[Black "DavidBarnsley"]
[Result "1-0"]
[WhiteElo "1966"]
[BlackElo "1948"]
[TimeControl "2700+45"]

1. d4 e6 2. Nf3 f5 3. d5 exd5 4. Qxd5 d6 5. e3 Nf6 6. Qb3 Nbd7 7. Ng5 Qe7 8. Ne6
Nb6 9. Nxf8 Rxf8 10. Be2 Be6 11. Qb5+ Bd7 12. Qa5 Qe4 13. Bf3 Qxc2 14. Na3 Qa4
15. Qxa4 Nxa4 16. Bxb7 Rb8 17. Ba6 Nc5 18. Be2 Kf7 19. b3 a5 20. Bd2 a4 21. Rb1
axb3 22. axb3 Nce4 23. Ba5 Ra8 24. Nc4 Nd5 25. Rc1 Rfc8 26. f3 Nc5 27. b4 Nb3
28. Rc2 Nxa5 29. bxa5 Rcb8 30. Kd2 Nb4 31. Rb2 d5 32. Ne5+ Ke6 33. Nxd7 Kxd7 34.
Ra1 c5 35. a6 Ra7 36. Ra5 Kc6 37. Rb1 Rb6 38. Rc1 c4 39. e4 Raxa6 40. exd5+ Kd6
41. Rxa6 Rxa6 42. Bxc4 Ra5 43. Rb1 Nxd5 44. Rb7 Nc7 45. Ke3 f4+ 46. Kd4 Rg5 47.
Rb2 Rh5 48. Rb6+ Ke7 49. h3 Rg5 50. Rb2 Ra5 51. Rc2 h6 52. Bb3 Ne6+ 53. Kc3
{Black forfeits on time} 1-0

[Event "Team 45 45 League T25"]
[Site "Internet Chess Club"]
[Date "2005.01.23"]
[Round "6"]
[White "OxidisedLizard"]
[Black "forquesato"]
[Result "0-1"]
[WhiteElo "1710"]
[BlackElo "1766"]
[TimeControl "2700+45"]

1. e4 c5 2. Nf3 d6 3. d4 cxd4 4. Nxd4 Nf6 5. Nc3 e6 6. Bg5 Be7 7. f4 Nc6 8. Bc4
a6 9. Qd2 O-O 10. O-O-O Nxd4 11. Qxd4 b5 12. Bd3 Qc7 13. f5 Qc5 14. Qxc5 dxc5
15. e5 Nd5 16. Bxe7 Nxe7 17. f6 gxf6 18. exf6 Ng6 19. Be4 Rb8 20. Rd3 Bb7 21.
Bxb7 Rxb7 22. Rg3 Kh8 23. Rf1 Rg8 24. Ne4 Rc7 25. Rg5 c4 26. Rh5 Nf8 27. Ng5 Rg6
28. Rd1 Kg8 29. g3 Rc5 30. h4 h6 31. Rh1 Nh7 32. Rd1 hxg5 33. hxg5 Rgxg5 34.
Rd8+ Nf8 35. Rh6 Rh5 36. Rxh5 Rxh5 37. Ra8 Rg5 38. Rxa6 Rxg3 39. Ra5 Rg5 40. a4
Rg1+ 41. Kd2 bxa4 42. Rxa4 Rg4 43. Kc3 Nd7 44. Ra8+ Kh7 45. Ra7 Ne5 46. Ra5 Rg3+
47. Kd4 Nc6+ {White resigns} 0-1

[Event "Team 45 45 League T25"]
[Site "Internet Chess Club"]
[Date "2005.01.23"]
[Round "6"]
[White "steve"]
[Black "room-matt"]
[Result "1-0"]
[WhiteElo "1995"]
[BlackElo "1899"]
[TimeControl "2700+45"]

1. e4 e5 2. Nf3 Nc6 3. d4 exd4 4. Bc4 Bc5 5. O-O d6 6. c3 dxc3 7. Nxc3 Nf6 8.
Bg5 O-O 9. Nd5 Bg4 10. Nxf6+ gxf6 11. Bh6 Re8 12. Qb3 Qe7 13. Nh4 Ne5 14. Qg3
Qd7 15. Nf5 Qc6 16. Bd5 Qb6 17. h3 Qxb2 18. Rab1 Bxf2+ 19. Qxf2 Qxf2+ 20. Rxf2
Bxf5 21. Rxf5 c6 22. Bb3 Nd7 23. Rf4 Kh8 24. Bxf7 Re7 25. Bb3 Re5 26. Rg4 Re7
27. Rd1 Ne5 28. Rf4 Nf7 29. Bxf7 Rxf7 30. Rxd6 Kg8 31. Rg4+ Kh8 32. Rxf6 Rxf6
33. Bg7+ Kg8 34. Bxf6+ Kf7 35. e5 Rg8 36. Rxg8 Kxg8 37. e6 Kf8 38. Kf2 b5 39.
Ke3 c5 40. Ke4 c4 41. Kd5 Ke8 42. Bc3 a6 43. Kd6 {Black resigns} 1-0

[Event "Team 45 45 League T25"]
[Site "Internet Chess Club"]
[Date "2005.01.21"]
[Round "6"]
[White "chessateer"]
[Black "ears"]
[Result "1/2-1/2"]
[WhiteElo "1834"]
[BlackElo "1742"]
[TimeControl "2700+45"]

1. e4 a6 2. d4 g6 3. f4 Bg7 4. Nf3 d6 5. Bc4 e6 6. Nc3 Ne7 7. O-O O-O 8. Be3 b5
9. Bd3 f5 10. e5 d5 11. a4 b4 12. Ne2 Nec6 13. a5 Qe7 14. b3 Ra7 15. Qe1 Rb7 16.
h4 h5 17. Ng3 Qe8 18. Qe2 Ra7 19. Ng5 Bh6 20. Kh2 Kg7 21. Nf3 Rh8 22. Qe1 Qe7
23. Ne2 Rb7 24. g3 Na7 25. Nc1 Nac6 26. Be2 Bd7 27. Nd3 Bc8 28. Nc5 Ra7 29. c3
bxc3 30. Qxc3 Ra8 31. Rfc1 Na7 32. b4 c6 33. Na4 Nb5 34. Qc5 Qxc5 35. Rxc5 Ra7
36. Bxb5 axb5 37. Nb6 Ba6 38. Rac1 Kf7 39. Nd2 Bf8 40. Nb3 Bxc5 41. Nxc5 Rd8 42.
Kg2 Ke7 43. Bd2 Kf7 44. Be3 Ke7 {Game drawn by mutual agreement} 1/2-1/2

[Event "Team 45 45 League T25"]
[Site "Internet Chess Club"]
[Date "2005.01.24"]
[Round "6"]
[White "SilentIndian"]
[Black "rph"]
[Result "1/2-1/2"]
[WhiteElo "1817"]
[BlackElo "1824"]
[TimeControl "2700+45"]

1. Nf3 d5 2. d4 Nf6 3. c4 c6 4. Nc3 e6 5. Bg5 Be7 6. e3 O-O 7. Rc1 Nbd7 8. Bd3
dxc4 9. Bxc4 a6 10. a4 b5 11. Bd3 Bb7 12. O-O Rc8 13. Re1 h6 14. Bf4 Qb6 15. Ne5
b4 16. Nc4 Qd8 17. Ne4 Nxe4 18. Bxe4 Nf6 19. Bf3 Nd5 20. Be5 c5 21. a5 cxd4 22.
Qxd4 Bc5 23. Qg4 Qg5 24. Qxg5 hxg5 25. Nd6 Bxd6 26. Bxd6 Rfd8 27. Bc5 b3 28.
Red1 Ba8 29. Be2 Bb7 30. Rd3 Nf6 31. Rxb3 Rd2 32. Rxb7 Rxe2 33. Kf1 Rd2 34. Ke1
Rd5 35. b4 Ne4 36. Ra7 Nxc5 37. bxc5 Rdxc5 38. Rxc5 Rxc5 39. Rxa6 Rc2 40. Rd6
Kf8 41. a6 Ra2 42. Rb6 e5 43. Rb8+ Ke7 44. Rb7+ Ke6 45. a7 g6 46. f3 f6 47. e4
f5 48. Rh7 g4 49. exf5+ Kxf5 50. fxg4+ Kxg4 51. Rf7 g5 52. Kd1 e4 53. Re7 e3 54.
Rxe3 {Game drawn by mutual agreement} 1/2-1/2

[Event "Team 45 45 League T25"]
[Site "Internet Chess Club"]
[Date "2005.01.23"]
[Round "6"]
[White "sigma33"]
[Black "EquesQuartus"]
[Result "1-0"]
[WhiteElo "1529"]
[BlackElo "1565"]
[TimeControl "2700+45"]

1. e4 e6 2. Qe2 Nc6 3. Nf3 e5 4. g3 Nf6 5. Bg2 Be7 6. O-O d6 7. c3 O-O 8. d3 Bd7
9. Nbd2 Qc8 10. b4 b5 11. a4 a6 12. a5 Rd8 13. Re1 h6 14. Bb2 Bg4 15. Nf1 Qe6
16. Ne3 Bxf3 17. Bxf3 Bf8 18. Nd5 Rac8 19. Bc1 Ne7 20. Nxf6+ Qxf6 21. Bg4 Ra8
22. Bd2 Nc6 23. f4 exf4 24. Rf1 Ne5 25. Rxf4 Qe7 26. Raf1 Nxg4 27. Rxg4 Kh7 28.
Qf2 f6 29. Qf5+ Kh8 30. Qg6 Rd7 31. Bxh6 Qf7 32. Bd2 Qxg6 33. Rxg6 Re8 34. Rf5
Re5 35. Rg4 Rf7 36. Kg2 Rxf5 37. exf5 Re7 38. Re4 Rxe4 39. dxe4 g6 40. h4 gxf5
41. exf5 Kh7 42. Be3 Bh6 43. Kf3 Bg7 44. g4 Kg8 45. Ke4 c6 46. Bd4 Kf7 47. Kf4
d5 48. g5 fxg5+ 49. hxg5 Bf8 50. g6+ Kg8 51. Ke5 Bg7+ 52. Kd6 c5 53. Bxg7 cxb4
54. Bd4 b3 55. c4 dxc4 56. Bc3 b4 57. Be5 c3 58. f6 b2 59. f7+ Kf8 60. Ke6 b1=Q
61. g7# {Black checkmated} 1-0

[Event "Team 45 45 League T25"]
[Site "Internet Chess Club"]
[Date "2005.01.23"]
[Round "6"]
[White "DTK"]
[Black "scampbell"]
[Result "1-0"]
[WhiteElo "1964"]
[BlackElo "1799"]
[TimeControl "2700+45"]

1. e4 c5 2. Nf3 e6 3. d4 cxd4 4. Nxd4 Nc6 5. Nc3 Qc7 6. Be3 a6 7. Qd2 Nf6 8. Bd3
Bb4 9. a3 Be7 10. h3 O-O 11. O-O-O b5 12. Na2 Ne5 13. Kb1 Nc4 14. Bxc4 Qxc4 15.
f3 Bb7 16. Qc3 d5 17. Qxc4 bxc4 18. exd5 Nxd5 19. Bd2 Rfc8 20. Nc3 Rab8 21. Ka2
Bf6 22. Nxd5 Bxd5 23. Bc3 Rc7 24. Ka1 Rcb7 25. Rhe1 h5 26. Ne2 Bxc3 27. Nxc3 Rd7
28. Nxd5 exd5 29. Re5 Rdb7 30. Rexd5 Rxb2 31. Rd8+ Kh7 32. Rxb8 Rxb8 33. Rd4 Re8
34. Re4 Rxe4 35. fxe4 Kg6 36. Kb2 Kf6 37. Kc3 Ke5 38. Kxc4 Kxe4 39. Kc5 g5 40.
c4 g4 41. hxg4 hxg4 42. Kb6 f5 43. c5 f4 44. c6 f3 45. gxf3+ gxf3 46. c7 f2 47.
c8=Q f1=Q 48. Qxa6 Qf6+ 49. Ka7 Qe7+ 50. Qb7+ Qxb7+ 51. Kxb7 {Black resigns} 1-0

[Event "Team 45 45 League T25"]
[Site "Internet Chess Club"]
[Date "2005.01.24"]
[Round "6"]
[White "Pick"]
[Black "Irvin"]
[Result "0-1"]
[WhiteElo "1713"]
[BlackElo "1789"]
[TimeControl "2700+45"]

1. d4 d5 2. Nf3 c6 3. e3 g6 4. b3 Bg7 5. Bb2 Qc7 6. Bd3 c5 7. c3 c4 8. bxc4 dxc4
9. Bc2 a6 10. Nbd2 b5 11. a3 Nf6 12. O-O Nbd7 13. Qe2 Bb7 14. e4 O-O 15. Rae1 e6
16. Bc1 Rfe8 17. e5 Nd5 18. Ne4 Bf8 19. Bb2 N7b6 20. Nfd2 a5 21. f4 b4 22. axb4
axb4 23. cxb4 c3 24. Nf6+ Nxf6 25. exf6 cxb2 26. h4 Qxc2 27. h5 Nd7 28. hxg6
fxg6 29. g4 Bxb4 30. f5 Qxd2 31. f7+ Kxf7 32. fxe6+ Kg8 33. e7 Qxe2 34. Rxe2 Ba6
{White resigns} 0-1

[Event "Team 45 45 League T25"]
[Site "Internet Chess Club"]
[Date "2005.01.23"]
[Round "6"]
[White "Budzo"]
[Black "SeniorCitizen"]
[Result "1-0"]
[WhiteElo "1696"]
[BlackElo "1414"]
[TimeControl "2700+45"]

1. d4 d5 2. c4 e6 3. Nc3 Nf6 4. e3 Bb4 5. a3 Bxc3+ 6. bxc3 Ne4 7. Qc2 O-O 8. Nf3
Nc6 9. Bd3 f5 10. O-O Na5 11. cxd5 exd5 12. c4 c6 13. c5 b5 14. Ne5 Qc7 15. f3
Ng5 16. Bd2 Nb7 17. e4 Nf7 18. Bf4 Nxe5 19. Bxe5 Qf7 20. exd5 cxd5 21. Bxb5 Nd8
22. Bd6 {Black resigns} 1-0

[Event "Team 45 45 League T25"]
[Site "Internet Chess Club"]
[Date "2005.01.23"]
[Round "6"]
[White "Traho"]
[Black "kevinfons"]
[Result "1/2-1/2"]
[WhiteElo "1349"]
[BlackElo "1510"]
[TimeControl "2700+45"]

1. e4 c5 2. Nf3 d6 3. d4 cxd4 4. Nxd4 e5 5. Nf3 Nc6 6. Nc3 Nf6 7. Bb5 a6 8. Ba4
Be7 9. O-O O-O 10. Re1 b5 11. Bb3 Na5 12. Nd5 Nxb3 13. Nxe7+ Qxe7 14. axb3 Bb7
15. Bg5 h6 16. Bxf6 Qxf6 17. c4 Rfd8 18. Qc2 bxc4 19. bxc4 a5 20. Nd2 Bc6 21. b3
Qg6 22. f3 d5 23. cxd5 Rxd5 24. Re2 Rd4 25. Nc4 Qf6 26. Nxe5 Qxe5 27. Qxc6 Rad8
28. Rae1 Rd3 29. Qb6 Qd4+ 30. Qxd4 R8xd4 31. Re3 Rd2 32. R3e2 R2d3 33. Re3 Rd2
34. R3e2 R2d3 35. Re3 Rd2 {Game drawn by repetition} 1/2-1/2

[Event "Team 45 45 League T25"]
[Site "Internet Chess Club"]
[Date "2005.01.22"]
[Round "6"]
[White "Arshanay"]
[Black "DeepHmmm"]
[Result "1-0"]
[WhiteElo "2368"]
[BlackElo "2231"]
[TimeControl "2700+45"]

1. c4 g6 2. g3 Bg7 3. Bg2 Nf6 4. Nc3 O-O 5. d3 d6 6. Bg5 Nc6 7. Qd2 Bd7 8. h4 h5
9. Nf3 Rb8 10. Bh6 e5 11. Bxg7 Kxg7 12. Ng5 a6 13. Rc1 Nd4 14. e3 Nf5 15. O-O
Nh7 16. Nxh7 Kxh7 17. d4 exd4 18. exd4 Nh6 19. Rfe1 Bf5 20. Re3 c6 21. Rce1 Ng8
22. Ne4 Bxe4 23. Rxe4 Qd7 24. Qf4 Rbd8 25. R4e3 Kg7 26. Kh2 f5 27. d5 c5 28. Re6
Rf6 29. Qg5 Qf7 30. Bf3 Kf8 31. a4 Qg7 32. a5 Qf7 33. Bd1 Rb8 34. Ba4 Rxe6 35.
Rxe6 Kg7 36. Rxd6 Nf6 37. Qf4 Rc8 38. Qe5 Rf8 {Black resigns} 1-0

[Event "Team 45 45 League T25"]
[Site "Internet Chess Club"]
[Date "2005.01.23"]
[Round "6"]
[White "Squaredance"]
[Black "elnik"]
[Result "1-0"]
[WhiteElo "1950"]
[BlackElo "1910"]
[TimeControl "2700+45"]

1. d4 Nf6 2. Nf3 g6 3. e3 Bg7 4. Be2 d6 5. b3 O-O 6. Bb2 Nbd7 7. O-O c5 8. c4
Ne4 9. Nc3 Nxc3 10. Bxc3 cxd4 11. exd4 b6 12. Rc1 Bb7 13. d5 Bxc3 14. Rxc3 Nf6
15. Qd4 Qc7 16. Ng5 h6 17. Ne4 Nxe4 18. Qxe4 e5 19. Rh3 Kg7 20. Qh4 Rh8 21. f4
Bc8 22. Re3 Qc5 23. Qf2 e4 24. Rxe4 Qxf2+ 25. Kxf2 Bf5 26. Re7 Rhe8 27. Rxe8
Rxe8 28. Rd1 Kf6 29. Bd3 Bd7 30. Kf3 h5 31. h3 Rh8 32. Ke3 Re8+ 33. Kd4 a5 34.
a3 Ra8 35. Re1 Rg8 36. b4 axb4 37. axb4 Ra8 38. c5 bxc5+ 39. bxc5 Ra4+ 40. Bc4
dxc5+ 41. Kxc5 Ra3 42. d6 Rc3 43. Kd4 Rc2 44. Bxf7 Rxg2 45. Bd5 Rf2 46. Re7
Rxf4+ 47. Ke3 Rf5 48. Be4 {Black resigns} 1-0

[Event "Team 45 45 League T25"]
[Site "Internet Chess Club"]
[Date "2005.01.24"]
[Round "6"]
[White "azbycx"]
[Black "Neo-Myshkin"]
[Result "1-0"]
[WhiteElo "1888"]
[BlackElo "1854"]
[TimeControl "2700+45"]

1. d4 Nf6 2. c4 e6 3. Nf3 b6 4. g3 Bb7 5. Bg2 c5 6. e3 cxd4 7. exd4 Qc7 8. Nbd2
Bb4 9. O-O Bxd2 10. Nxd2 Bxg2 11. Kxg2 O-O 12. Qe2 Nc6 13. Nf3 d5 14. Bf4 Qb7
15. Kg1 dxc4 16. Qxc4 Rac8 17. Qe2 Rfd8 18. Be3 Rd5 19. Rac1 Ne8 20. Rc3 Nd6 21.
Rfc1 Qd7 22. Qc2 Ne7 23. Rxc8+ Qxc8 24. Qxc8+ Ndxc8 25. Rc7 f6 26. Nd2 Rd8 27.
Ne4 Nd5 28. Rc6 Kf7 29. a3 h6 30. Kf1 f5 31. Rxc8 Rd7 32. Nd2 Ne7 33. Rc2 b5 34.
Nf3 Kf6 35. Ne5 Rb7 36. h4 Nd5 37. b4 Ne7 38. Ke2 Nd5 39. Rc8 Ne7 40. Rf8#
{Black checkmated} 1-0

[Event "Team 45 45 League T25"]
[Site "Internet Chess Club"]
[Date "2005.01.23"]
[Round "6"]
[White "Nomad"]
[Black "alexcolins"]
[Result "1-0"]
[WhiteElo "1897"]
[BlackElo "1874"]
[TimeControl "2700+45"]

1. e4 c5 2. Nc3 g6 3. Nf3 Bg7 4. d4 cxd4 5. Nxd4 Nc6 6. Be3 Nf6 7. Be2 O-O 8.
O-O d5 9. exd5 Nxd5 10. Nxd5 Qxd5 11. c3 Nxd4 12. Bxd4 e5 13. Be3 Qa5 14. Bc4
Qc7 15. Qe2 h5 16. h3 Bf5 17. Bg5 Rac8 18. Bb3 Kh7 19. Rad1 f6 20. Be3 Rfd8 21.
Rxd8 Rxd8 22. Rd1 b6 23. Rxd8 Qxd8 24. Qc4 Bd3 25. Qf7 a5 26. Qa7 b5 27. Bb6 Qc8
28. Bxa5 Kh6 29. Qe3+ g5 30. Qxd3 Bf8 31. Bc2 f5 32. Qxf5 Qxf5 33. Bxf5 Bc5 34.
Bb4 Bxb4 35. cxb4 Kg7 36. g4 h4 37. f3 Kf6 38. Kf2 Ke7 39. Ke3 Kf7 40. Ke4 Kf6
41. b3 Ke7 42. Kxe5 Kf7 43. a4 bxa4 44. bxa4 Ke7 45. b5 Kd8 46. a5 Kc7 47. b6+
Kb7 48. Be4+ Kb8 49. a6 Kc8 50. a7 Kd7 51. a8=Q Ke7 52. Qb7+ Kd8 53. Ke6 {Black
resigns} 1-0

[Event "Team 45 45 League T25"]
[Site "Internet Chess Club"]
[Date "2005.01.24"]
[Round "6"]
[White "Zillmer"]
[Black "Ser-Enigma"]
[Result "1-0"]
[WhiteElo "2160"]
[BlackElo "2066"]
[TimeControl "2700+45"]

1. e4 e5 2. Nf3 Nc6 3. Bb5 a6 4. Bxc6 dxc6 5. O-O f6 6. d4 exd4 7. Nxd4 c5 8.
Nb3 Qxd1 9. Rxd1 Bg4 10. f3 Bd7 11. Nc3 O-O-O 12. Be3 b6 13. a4 Ne7 14. a5 Kb7
15. axb6 cxb6 16. Bxc5 Nc6 17. Be3 Nb4 18. Rd2 Be7 19. Nd5 Nxd5 20. Rxd5 Bc6 21.
Rxd8 Rxd8 22. Kf2 Bb5 23. Nd4 Bc4 24. b3 Bf7 25. Nf5 Bf8 26. Ke2 g6 27. Ng3 Rc8
28. Kd3 Bb4 29. Bd4 Rc6 30. Ne2 g5 31. Nc3 Rd6 32. Ne2 Rd7 33. Ke3 Be7 34. c4
Be6 35. Nc3 f5 36. Nd5 f4+ 37. Kd3 Bd8 38. Kc3 a5 39. h4 Bxd5 40. cxd5 gxh4 41.
Be5 Rf7 42. Rc1 b5 43. d6 Bb6 44. Kd3 Be3 45. Rc7+ Rxc7 46. dxc7 a4 47. bxa4
bxa4 48. Kc4 a3 49. Kb3 Bc1 50. Bd6 Kc8 51. e5 Bb2 52. e6 Bf6 53. Kxa3 h3 54.
gxh3 h5 55. Kb3 Bg5 56. Kc4 Bf6 57. Kd5 h4 58. Ke4 Bg5 59. Kf5 {Black resigns}
1-0

[Event "Team 45 45 League T25"]
[Site "Internet Chess Club"]
[Date "2005.01.22"]
[Round "6"]
[White "Plattner"]
[Black "MissedMate"]
[Result "0-1"]
[WhiteElo "1809"]
[BlackElo "1977"]
[TimeControl "2700+45"]

1. e4 e5 2. Nf3 Nf6 3. Nxe5 d6 4. Nxf7 Kxf7 5. d4 c6 6. Bd3 Be7 7. O-O Bg4 8. f3
Bh5 9. g4 Bg6 10. Be3 Re8 11. c4 Kg8 12. Nd2 c5 13. d5 Qb6 14. Rb1 Na6 15. a3
Nd7 16. b4 Qd8 17. b5 Nc7 18. f4 Bf6 19. g5 Bd4 20. Re1 Bxe3+ 21. Rxe3 Rf8 22.
Qg4 Qe7 23. Rf1 a6 24. b6 Nxb6 25. f5 Bxf5 26. Rxf5 Rxf5 27. Qxf5 Rf8 28. Qg4
Qe5 29. Nf3 Qa1+ 30. Kg2 Qb2+ 31. Kg3 Qc1 32. Re2 Qc3 33. Ne1 Nxc4 34. Kh4 Ne5
35. Qg3 Rf1 36. Re3 Rxe1 37. Rxe1 Qxe1 38. Qxe1 Nf3+ 39. Kg4 Nxe1 40. Bb1 Nb5
41. e5 dxe5 42. Kg3 c4 43. Bf5 c3 {White resigns} 0-1

[Event "Team 45 45 League T25"]
[Site "Internet Chess Club"]
[Date "2005.01.24"]
[Round "6"]
[White "Sergio56"]
[Black "BillyNoMates"]
[Result "1-0"]
[WhiteElo "1905"]
[BlackElo "1741"]
[TimeControl "2700+45"]

1. e4 e6 2. d3 d5 3. Nd2 c5 4. Ngf3 Nc6 5. g3 Nf6 6. Bg2 Be7 7. O-O O-O 8. Re1
b5 9. Nf1 d4 10. e5 Nd5 11. h4 f6 12. exf6 Bxf6 13. Bg5 Bd7 14. N1h2 h6 15. Bxf6
Qxf6 16. Ng4 Qf5 17. Nfe5 Nxe5 18. Rxe5 Qf7 19. Qd2 Nf6 20. Nxf6+ Qxf6 21. Rxc5
Rac8 22. Rxc8 Bxc8 23. f4 e5 24. Rf1 Qd6 25. fxe5 Rxf1+ 26. Kxf1 Qxe5 27. Qe2
Qf6+ 28. Qf3 Qe5 29. Qd5+ Qxd5 30. Bxd5+ Kf8 31. Kf2 Bg4 32. c3 dxc3 33. bxc3
Bd7 34. Ke3 Ke7 35. Kd4 Kd6 36. c4 bxc4 37. dxc4 Be8 38. c5+ Ke7 39. Ke5 Bd7 40.
Bb7 Kd8 41. Kd6 Bg4 42. c6 Bc8 43. c7+ {Black resigns} 1-0

[Event "Team 45 45 League T25"]
[Site "Internet Chess Club"]
[Date "2005.01.22"]
[Round "6"]
[White "Justchess"]
[Black "Egmont"]
[Result "0-1"]
[WhiteElo "1648"]
[BlackElo "1610"]
[TimeControl "2700+45"]

1. c4 f5 2. g3 Nf6 3. Bg2 e6 4. Nc3 Be7 5. d4 O-O 6. Nf3 d6 7. O-O Ne4 8. d5
Nxc3 9. bxc3 Bf6 10. Qb3 e5 11. Ba3 Nd7 12. Rab1 Qe8 13. Rfd1 Kh8 14. e3 g5 15.
Qc2 g4 16. Ne1 e4 17. h3 Ne5 18. hxg4 Nxg4 19. c5 Be5 20. cxd6 cxd6 21. c4 b6
22. Bb2 Ba6 23. c5 Qh5 24. Bxe5+ dxe5 25. Nd3 Qh2+ 26. Kf1 exd3 27. Rxd3 e4 28.
c6 Bxd3+ {White resigns} 0-1

[Event "Team 45 45 League T25"]
[Site "Internet Chess Club"]
[Date "2005.01.20"]
[Round "6"]
[White "Bthoven"]
[Black "gamlinginn"]
[Result "1/2-1/2"]
[WhiteElo "1574"]
[BlackElo "1626"]
[TimeControl "2700+45"]

1. d4 g6 2. e4 d5 3. Nc3 dxe4 4. Nxe4 Bg7 5. Be3 e6 6. Nf3 Ne7 7. c3 Nd7 8. Be2
b6 9. O-O Bb7 10. Ned2 O-O 11. Nc4 Nf5 12. Bf4 Bh6 13. Qd2 Bxf4 14. Qxf4 c5 15.
Rad1 cxd4 16. Nxd4 Nxd4 17. Rxd4 Qe7 18. Ne5 Nxe5 19. Qxe5 Rfd8 20. Rfd1 Rxd4
21. Rxd4 Rd8 22. f3 Rxd4 23. Qxd4 Qc7 24. Bb5 h5 25. Kf1 Bd5 26. c4 Bc6 27. Bxc6
Qxc6 28. b3 Kf8 29. Ke2 Ke7 30. Ke3 f6 31. Kd3 e5 32. Qd5 Qxd5+ 33. cxd5 Kd6
{Game drawn by mutual agreement} 1/2-1/2

[Event "Team 45 45 League T25"]
[Site "Internet Chess Club"]
[Date "2005.01.22"]
[Round "6"]
[White "Thersites"]
[Black "rickylr"]
[Result "0-1"]
[WhiteElo "1621"]
[BlackElo "1744"]
[TimeControl "2700+45"]

1. e4 e6 2. d4 d5 3. Nd2 Nf6 4. e5 Nfd7 5. Bd3 c5 6. c3 cxd4 7. cxd4 Qg5 8. g3
Bb4 9. Nf3 Qh5 10. O-O O-O 11. Nb3 Be7 12. Kg2 Nc6 13. Be2 Qg6 14. Bd3 f5 15.
exf6 Qxf6 16. Qe2 e5 17. Bg5 Qxf3+ 18. Qxf3 Rxf3 19. Kxf3 Bxg5 20. dxe5 Ndxe5+
21. Ke2 Nxd3 22. Kxd3 Bf5+ 23. Ke2 Re8+ 24. Kd1 Bf6 25. a3 Bxb2 26. Ra2 Bh3 27.
Rg1 Bc3 28. g4 Be5 29. f3 Nd4 30. Nxd4 Bxd4 31. Re1 Rf8 32. Rd2 Bc3 {White
resigns} 0-1

[Event "Team 45 45 League T25"]
[Site "Internet Chess Club"]
[Date "2005.01.23"]
[Round "6"]
[White "dougmo"]
[Black "Lothar"]
[Result "1-0"]
[WhiteElo "1621"]
[BlackElo "1493"]
[TimeControl "2700+45"]

1. e4 e6 2. d4 d5 3. Nc3 Nf6 4. e5 Nfd7 5. Nce2 c5 6. c3 Nc6 7. f4 cxd4 8. Nxd4
Nxd4 9. cxd4 Bb4+ 10. Bd2 Qb6 11. Nf3 Nb8 12. Bd3 Nc6 13. a3 Bxd2+ 14. Qxd2 Bd7
15. Qf2 h6 16. O-O a5 17. Kh1 a4 18. Rac1 Na5 19. Rc3 Bb5 20. Bxb5+ Qxb5 21. Nh4
Nc4 22. Rb1 O-O 23. f5 g5 24. Rg3 Kh7 25. Nf3 Nxa3 26. Nxg5+ Kh8 27. Rh3 {Black
forfeits on time} 1-0

[Event "Team 45 45 League T25"]
[Site "Internet Chess Club"]
[Date "2005.01.22"]
[Round "6"]
[White "alaskauk"]
[Black "Two-DogMan"]
[Result "1/2-1/2"]
[WhiteElo "1497"]
[BlackElo "1405"]
[TimeControl "2700+45"]

1. e4 e5 2. Nf3 Nc6 3. Bb5 d6 4. Bxc6+ bxc6 5. O-O Nf6 6. d3 Be7 7. b3 c5 8. c4
h6 9. Re1 g5 10. Kh1 Bg4 11. Nbd2 Nh5 12. Qc2 Qd7 13. Ng1 Nf4 14. f3 Be6 15. Nf1
g4 16. Bxf4 exf4 17. Qb2 Rg8 18. Rad1 Bh4 19. Re2 gxf3 20. Nxf3 Be7 21. Qd2 Bg4
22. Rf2 Bxf3 23. Rxf3 Bg5 24. h3 Rg6 25. d4 cxd4 26. Qxd4 Bf6 27. Qd2 Be5 28.
Nh2 Rg3 29. Rxg3 fxg3 30. Nf3 Qe6 31. Qe3 f5 32. Nd4 Bxd4 33. Rxd4 Qe5 34. Kg1
f4 35. Qd3 Ke7 36. Qd2 a5 37. Qb2 c5 38. Rd2 Qxb2 39. Rxb2 Rf8 40. Re2 Ke6 41.
Kf1 Ke5 42. Rd2 h5 43. Rd5+ Kxe4 44. Rxd6 Rf5 45. Ra6 Kd3 46. Rxa5 h4 47. a4 f3
48. gxf3 Rxf3+ 49. Kg2 Rf2+ 50. Kg1 Ke2 51. Rxc5 Rf1+ 52. Kg2 Rb1 53. Re5+ Kd3
54. Rg5 Rxb3 55. Rd5+ Kxc4 56. Rh5 Rb2+ 57. Kg1 Ra2 58. Rxh4+ Kd5 59. Rg4 Ke5
60. Rxg3 Rxa4 61. Kf2 Rf4+ 62. Kg2 Ra4 63. Rf3 Ra8 64. h4 Rh8 65. Kh3 Ke4 66.
Rf7 Ke5 67. Kg4 Ke6 68. Rf3 Rg8+ 69. Kh5 Rh8+ 70. Kg4 Rg8+ 71. Kh3 Rh8 72. Rg3
Kf7 73. Rg5 Rh6 74. Ra5 Kg7 75. h5 Rb6 76. Rg5+ Kh6 77. Kh4 {Game drawn by
mutual agreement} 1/2-1/2